 Dungeon Crawl Stone Soup version 0.29.0-10-g45618ea6d2 (webtiles) character file.

Game seed: 9519600831380126752

76 Persephone the Shield-Bearer (level 3, -13/31 HPs)
             Began as a Demigod Fighter on Sept 2, 2022.
             Killed by divine providence
             ... invoked by an orc priest
              (16 damage)
             ... on level 3 of the Dungeon.
             The game lasted 00:02:48 (2646 turns).

Persephone the Shield-Bearer (Demigod Fighter)      Turns: 2646, Time: 00:02:49

Health: -13/31     AC:  6    Str: 17    XL:     3   Next: 89%
Magic:  5/5        EV:  8    Int: 10    God:
Gold:   66         SH:  5    Dex: 17    Spells: 2/2 levels left

rFire   . . .      SeeInvis .   a - +0 long sword
rCold   . . .      Faith    .   c - +0 buckler
rNeg    . . .      Spirit   .   b - +0 scale mail
rPois   .          Reflect  .   (no helmet)
rElec   .          Harm     .   (no cloak)
rCorr   .          Rampage  .   (no gloves)
Will    .....                   (no boots)
Stlth   ..........              (no amulet)
HPRegen 0.10/turn               (no ring)
MPRegen 0.09/turn               (no ring)

@: no status effects
A: high MP 1, forlorn, divine attributes
a: no special abilities


You were on level 3 of the Dungeon.
You visited 1 branch of the dungeon, and saw 3 of its levels.

You collected 66 gold pieces.

Inventory:

Hand Weapons
 a - a +0 long sword (weapon)
Armour
 b - a +0 scale mail (worn)
 c - a +0 buckler (worn)
Jewellery
 k - a ring of wizardry
Wands
 m - a wand of roots (10)
Scrolls
 e - 13 scrolls of identify {unknown}
 g - a scroll of poison {unknown}
 h - 2 scrolls of summoning {unknown}
 i - 2 scrolls of teleportation {unknown}
 j - a scroll of noise {unknown}
 l - a scroll of vulnerability {unknown}
Potions
 d - 2 potions of might
 f - 3 potions of flight {unknown}


   Skills:
 + Level 3.2 Fighting
 * Level 3.1 Long Blades
 - Level 2.6 Armour
 + Level 3.2 Shields


You had 2 spell levels left.
You didn't know any spells.
Your spell library contained the following spells:

 Spells                   Type           Power      Damage    Failure   Level
 Gell's Gravitas          Tloc           0%         N/A       99%         3
 Ignite Poison            Fire/Tmut/Pois 0%         N/A       99%         3
 Mephitic Cloud           Conj/Pois/Air  0%         N/A       99%         3
 Teleport Other           Tloc           0%         N/A       99%         3
 Freezing Cloud           Conj/Ice/Air   0%         6-21      100%        5
 Dispersal                Tloc           0%         N/A       100%        6


Dungeon Overview and Level Annotations

Branches:
Dungeon (3/15)


Innate Abilities, Weirdness & Mutations

You have an increased reservoir of magic. (+10% MP)
You shall have no god before yourself.
Your divine heritage dramatically boosts your attributes as you level up.


Message History

The hobgoblin hits you but does no damage.
The hobgoblin hits you.
* * * LOW HITPOINT WARNING * * *
You slash the hobgoblin!
You kill the hobgoblin!
You closely miss the orc. The orc barely misses you.
You hit the orc but do no damage. The orc hits you with a +0 whip.
* * * LOW HITPOINT WARNING * * *
You block the orc's attack.
You hit the orc.
The orc is heavily wounded.
The orc closely misses you.
You slash the orc!
You kill the orc!
The orc priest curses to no one in particular.
You hit the giant cockroach but do no damage.
The giant cockroach completely misses you.
The giant cockroach bites you but does no damage.
You barely miss the giant cockroach. You block the giant cockroach's attack.
You hit the giant cockroach.
The giant cockroach is severely wounded.
The giant cockroach closely misses you. The giant cockroach barely misses you.
You hit the giant cockroach.
The giant cockroach is heavily wounded.
The giant cockroach bites you but does no damage.
The giant cockroach bites you.
* * * LOW HITPOINT WARNING * * *
You closely miss the giant cockroach.
The giant cockroach is heavily wounded.
The giant cockroach bites you but does no damage.
The giant cockroach barely misses you.
The giant cockroach bites you but does no damage. x2
You hit the giant cockroach but do no damage.
The giant cockroach is heavily wounded.
You block the giant cockroach's attack. The giant cockroach bites you.
* * * LOW HITPOINT WARNING * * *
The orc priest mumbles some strange prayers to Beogh against you.
Beogh smites you!
Ouch! That really hurt!
You die...

#.)......####.#
##.###......##.##
#######..# #.#........##
....##..# #.####.......
...##..# #..#####.#.<.
#o.##..# ##.##....##..
#))##.## #†##.#######
...##..##B#####..#.#####
.._....ooB@##.....#.....##
#...##.###.#.......†.....##
##. #. ##................#
#.##.................#
..#..#...............#
######...............#
#...............#
##.............##
##.....#.....##


You could see an orc priest, an orc and 2 giant cockroaches.

Vanquished Creatures
  2 adders
  2 dart slugs (D:1)
  4 orcs (D:3)
  10 bats
  4 endoplasms
  A giant cockroach (D:3)
  3 hobgoblins
  4 jackals (D:3)
  3 kobolds
  2 quokkas
  3 ball pythons
  4 frilled lizards (D:3)
  6 rats
48 creatures vanquished.

Notes
Turn   | Place    | Note
-------+----------+-------------------------------------------
     0 | D:1      | Persephone the Demigod Fighter began the quest for the Orb.
     0 | D:1      | Reached XP level 1. HP: 18/18 MP: 3/3
   571 | D:1      | Reached XP level 2. HP: 23/25 MP: 4/4
  1359 | D:2      | Reached XP level 3. HP: 31/31 MP: 5/5
  2646 | D:3      | Killed from afar by an orc priest

Illustrated notes

Levels and vault maps discovered:
D:1:      shiori_shiawase, layout_basic
D:2:      layout_loops_ring, ebering_ecumenical_altar_rust, nicolae_hexahallways
D:3:      layout_rooms, grunt_temple_overflow_lords_of_destruction,
          mainiacjoe_overflow_concentric_impassable,
          nicolae_overflow_crystal_walls

Skill      XL: |  1  2  3 |
---------------+----------+-----
Long Blades    | 2 3 |  3.1
Fighting       | 3 |  3.2
Shields        | 3 |  3.2
Armour         | |  2.6

Action                   || total
-------------------------++-------
Melee: Long sword        ||   148
Armor: Scale mail        ||    91
Dodge: Dodged            ||    77
Block: Buckler           ||    44
